 Dungeon Crawl Stone Soup version 0.29-a0-384-g6960b1960d (webtiles) character file.

Game seed: 462498015977890627

2506 spaghetti the Covered (level 9, 0/108 HPs)
             Began as a Demonspawn Berserker on May 8, 2022.
             Was a Priest of Trog.
             Slain by a wolf (5 damage)
             ... in a bailey.
             The game lasted 00:12:35 (8029 turns).

spaghetti the Covered (Demonspawn Berserker)        Turns: 8029, Time: 00:12:36

Health: 0/108      AC: 24    Str: 21    XL:     9   Next: 28%
Magic:  9/9        EV:  2    Int:  8    God:    Trog [***...]
Gold:   309        SH:  0    Dex: 14    Spells: 8/8 levels left

rFire   . . .      SeeInvis .   h - +8 dagger of the Absolute Madman {venom, rPois rCorr, short}
rCold   . . .      Faith    .   (no shield)
rNeg    . . .      Spirit   .   (body armour currently unavailable)
rPois   +          Reflect  .   (helmet currently unavailable)
rElec   .          Harm     .   (cloak currently unavailable)
rCorr   +          Rampage  .   (gloves currently unavailable)
Will    +....      NoTele   +   (boots currently unavailable)
Stlth   +.........              (no amulet)
HPRegen 0.28/turn               i - ring of willpower
MPRegen 0.11/turn               p - ring of poison resistance

@: tree-form, on berserk cooldown, slowed, very slow
A: stationary, stasis, torment immunity, boosted hp, (claws 1), repulsion field
2, (spiny 1)
a: Renounce Religion, Berserk, Trog's Hand


You were in a bailey.
You worshipped Trog.
Trog was most pleased with you.
You were a tree.
You visited 1 branch of the dungeon, and saw 7 of its levels.
You also visited: Bailey.

You collected 309 gold pieces.


Innate Abilities, Weirdness & Mutations

You are a tree.
Your roots penetrate the ground, keeping you stationary.
You cannot be teleported.
You are immune to unholy pain and torment.
Your maximum health is greatly increased.
Your equipment is partially melded.
((You have sharp fingernails.))
You are surrounded by a moderate repulsion field. (EV +3)
((You are partially covered in sharp spines.))


   Skills:
 + Level 7.1 Fighting
 * Level 7.7 Armour
 + Level 6.0 Dodging
 - Level 3.8 Unarmed Combat


You had 8 spell levels left.
You didn't know any spells.
Your spell library contained the following spells:

 Spells                   Type           Power      Damage    Failure   Level
 Corpse Rot               Necr/Air       0%         N/A       54%         2
 Poisonous Vapours        Pois/Air       0%         N/A       54%         2
 Gell's Gravitas          Tloc           0%         N/A       78%         3
 Lesser Beckoning         Tloc           0%         N/A       78%         3
 Teleport Other           Tloc           0%         N/A       78%         3
 Tukima's Dance           Hex            0%         N/A       78%         3
 Passage of Golubria      Tloc           0%         N/A       99%         4
 Yara's Violent Unravell  Hex/Tmut       0%         3d3       100%        5

Inventory:

Hand Weapons
 d - a +0 whip {mace}
   (You found it on level 1 of the Dungeon)
 h - the +8 dagger of the Absolute Madman (weapon) {venom, rPois rCorr, short}
   (You found it on level 2 of the Dungeon)

   It poisons the flesh of those it strikes.
   rPois:     It protects you from poison.
   rCorr:     It protects you from acid and corrosion.
Missiles
 b - 103 stones (quivered) {throwing}
 t - 12 poisoned darts {throwing}
 v - 4 boomerangs {throwing}
 J - 5 throwing nets {=f!fthrowing}
Armour
 a - a +0 animal skin
 y - +0 shadow dragon scales (melded) {rare}
   (You found it on level 4 of the Dungeon)
 D - a +0 cloak (melded)
   (You took it off Crazy Yiuf on level 2 of the Dungeon)
Jewellery
 i - a ring of willpower (left branch)
   (You took it off a hobgoblin on level 2 of the Dungeon)
 p - a ring of poison resistance (right branch)
   (You found it on level 3 of the Dungeon)
 F - a ring of fire
   (You found it on level 6 of the Dungeon)
Wands
 w - a wand of charming (10)
   (You found it on level 4 of the Dungeon)
Scrolls
 l - 2 scrolls of fog
 m - 3 scrolls of immolation {!r!r}
 o - a scroll of enchant armour
 q - a scroll of brand weapon
 r - a scroll of noise {!r}
 s - 2 scrolls of amnesia {unknown}
 x - 2 scrolls of magic mapping {unknown}
 B - a scroll of summoning {unknown}
 C - a scroll of vulnerability {unknown}
 G - a scroll of enchant weapon {unknown}
 H - a scroll of blinking {!r}
 I - a scroll of teleportation {unknown}
Potions
 c - a potion of lignification {!q}
 f - 3 potions of curing {unknown}
 g - a potion of cancellation {unknown}
 j - a potion of magic {unknown}
 k - 3 potions of flight {unknown}
 n - a potion of invisibility {unknown}
 u - 3 potions of degeneration {unknown}
 z - a potion of resistance {unknown}
 A - 2 potions of brilliance {unknown}
 E - a potion of berserk rage {unknown}

Dungeon Overview and Level Annotations

Branches:
Dungeon (7/15)             Temple (0/1) D:4          Bailey (1/1)

Altars:
Cheibriados
Elyvilon
Makhleb
Uskayaw
Vehumet
Yredelemnul
Zin
The Shining One

Annotations:
D:3 1 runed translucent door

♣♣♣♣♣♣♣♣♣♣♣♣
≈≈≈≈≈≈≈≈≈≈≈≈
............
.(((....
#####.((#####
##...#(..#...##
#..gghh).'.)..##
#....†#♣))#.....#
#8..g.##+##))..8#
#g...##.))##....#
#hg.##.....##)..#
#...#.......#...#
♣≈###'#..)8...#.).#
♣≈
..#.......#..g#≈♣
♣≈ ##)....##...#≈♣
♣≈ ##...##..gg#≈♣


You could see a gnoll sergeant, 2 wolves and a gnoll shaman.


Message History

The gnoll sergeant is struck by your spines.
The gnoll sergeant barely misses you.
Things that are here:
a +0 halberd {polearm}; a +0 chain mail; a gnoll corpse You barely miss the gnoll sergeant.
The gnoll sergeant hits you with a +0 glaive.
* * * LOW HITPOINT WARNING * * *
😨 HP[-2]
You take 2 damage, and now have 39/108 hp.
You puncture the gnoll sergeant!
The gnoll sergeant is poisoned.
The wolf closely misses you. 😨 HP[+1]
You puncture the gnoll sergeant! The wolf misses you.
A wolf comes into view.
The gnoll sergeant hits you but does no damage.
The gnoll shaman calls upon its god to heal the gnoll sergeant.
The gnoll sergeant is healed somewhat.
The wolf howls!
You hit the gnoll sergeant.
The gnoll sergeant looks as sick as possible!
You hear a howl!
The wolf barely misses you. The gnoll sergeant closely misses you.
A gnoll shaman comes into view. It is wielding a +0 halberd.
The gnoll shaman hits you but does no damage.
The gnoll shaman shouts!
You hit the gnoll sergeant but do no damage.
The gnoll sergeant looks as sick as possible!
You hear a shout!
You kill the gnoll sergeant!
Trog accepts your kill. The wolf bites you!
* * * LOW HITPOINT WARNING * * *
Your Dodging skill increases to level 6! 😨 HP[-7]
You take 7 damage, and now have 33/108 hp.
You puncture the wolf!
The wolf is poisoned.
The wolf barely misses you.
A gnoll sergeant comes into view. It is wielding a +0 glaive.
The gnoll shaman misses you. The wolf is struck by your spines.
The wolf barely misses you.
The gnoll sergeant shouts!
You puncture the wolf!
You kill the wolf!
Trog accepts your kill. The gnoll shaman barely misses you.
The gnoll hits you but does no damage. 😨 HP[+1]
There is an open door, spattered with blood here.
Things that are here:
a +0 trident {polearm}; a throwing net {=f!fthrowing}; a +0 ring mail You feel a strong urge to attack something.
You are no longer berserk.
You are exhausted.
You feel yourself slow down.
You see here a stone {throwing}. 😨 HP[-12]
You now have 72 max hp (-36).
Unknown command.
Unknown command.
As you read the scroll of fear, it crumbles to dust.
You assume a fearsome visage.
The gnoll looks frightened!
The wolf looks frightened!
The gnoll sergeant looks frightened!
The gnoll shaman looks frightened! x2
A wolf comes into view.
The gnoll shaman looks desperately for an escape route. 😨 HP[+1]
Things that are here:
a +0 trident {polearm}; a +0 scale mail Which direction?
You close the door, pushing everything out of the way.
The wolf howls!
The wolf bites you.
* * * LOW HITPOINT WARNING * * *
The wolf bites you.
* * * LOW HITPOINT WARNING * * *
The wolf barely misses you. 😱 HP[-7]
You take 7 damage, and now have 16/72 hp.
You hit the wolf. The wolf is struck by your spines. The wolf bites you.
* * * LOW HITPOINT WARNING * * *
The wolf barely misses you. 😱 HP[-5]
You take 5 damage, and now have 11/72 hp.
Okay, then.
Okay, then.
It was a potion of lignification.
You turn into a tree.
Your +0 cloak melds into your body.
Your +0 shadow dragon scales {rare} melds into your body.
Your roots penetrate the ground.
The wolf bites you but does no damage. The wolf bites you.
* * * LOW HITPOINT WARNING * * *
The wolf bites you but does no damage.
You now have 108 max hp (+36).
You hit the wolf.
The wolf is poisoned.
The wolf barely misses you.
The wolf bites you but does no damage. 😱 HP[+1]
You hit the wolf.
A gnoll sergeant comes into view. It is wielding a +0 glaive.
The wolf bites you!
* * * LOW HITPOINT WARNING * * *
The wolf bites you.
You die...

Skill      XL: |  1  2  3  4  5  6  7  8  9 |
---------------+----------------------------+-----
Unarmed Combat | 3 |  3.8
Armour         | 2 3 4 5 7 |  7.7
Dodging        | 2 3 4 5 6 |  6.0
Fighting       | 4 5 6 7 |  7.1

Action                   |  1- 3 |  4- 6 |  7- 9 || total
-------------------------+-------+-------+-------++-------
Melee: Unarmed           |    53 |       |       ||    53
       Punch             |     3 |     5 |     5 ||    13
       Dagger            |    32 |    70 |   205 ||   307
Throw: Stone             |    42 |    14 |    51 ||   107
Invok: Berserk           |       |     3 |     7 ||    10
       Trog's Hand       |       |       |     1 ||     1
  Use: Scroll            |       |       |     9 ||     9
       Potion            |       |       |     1 ||     1
 Stab: Sleeping          |       |     2 |     2 ||     4
Armor: Animal skin       |     7 |     9 |       ||    16
       Shadow dragon sca |       |     4 |   106 ||   110
       Skin              |       |       |     3 ||     3
Dodge: Dodged            |    38 |    28 |   174 ||   240

Levels and vault maps discovered:
D:1:      tarquinn_simple_flora_water_b, layout_basic,
          hellmonk_ecumenical_altar_zigzags
D:2:      layout_basic, nicolae_concentric_dashed_squares_mild,
          uniq_crazy_yiuf_cottage
D:3:      layout_loops_corners, dk_yredelemnul_ordeal, minmay_pentangle
D:4:      layout_rooms, minmay_temple_entry_butterflies, uniq_grinder
D:5:      layout_basic, cheibrodos_worm_habitat
D:6:      layout_cave_pools, elyvilon_altar_1, mainiacjoe_overflow_paths,
          minitemple, item_on_display_a, uniq_eustachio
D:7:      layout_basic, enter_bailey_2, minmay_door_square,
          grunt_decor_mini_mirrors, st_stairs_5,
          minmay_fractal_squares_gapless_5
Bailey:   bailey_polearm_gnolls_kennysheep, bailey

Notes
Turn   | Place    | Note
-------+----------+-------------------------------------------
     0 | D:1      | spaghetti the Demonspawn Berserker began the quest for the
                  | Orb.
     0 | D:1      | Reached XP level 1. HP: 18/18 MP: 1/1
     0 | D:1      | magus.rc [v1.9.6]
    70 | D:1      | You pick up a book of Vapours {forbidden} and begin
                  | reading...
    70 | D:1      | You add the spells Poisonous Vapours and Corpse Rot to your
                  | library.
   349 | D:1      | Reached skill level 3 in Unarmed Combat
   406 | D:1      | Gained mutation: You are surrounded by a mild repulsion
                  | field. (EV +2) [demonic ancestry]
   406 | D:1      | Reached XP level 2. HP: 24/24 MP: 2/2
   459 | D:1      | Found a faded altar of an unknown god.
  1438 | D:2      | Reached XP level 3. HP: 21/29 MP: 3/3
  1561 | D:2      | Identified the +8 dagger of the Absolute Madman {venom,
                  | rPois rCorr}
  1806 | D:2      | Reached skill level 2 in Armour
  1809 | D:2      | Reached skill level 2 in Dodging
  2154 | D:2      | Gained mutation: You have sharp fingernails. [demonic
                  | ancestry]
  2154 | D:2      | Reached XP level 4. HP: 35/35 MP: 4/4
  2401 | D:2      | Reached ** piety under Trog
  2413 | D:2      | Found a runed translucent door.
  2414 | D:2      | Noticed Crazy Yiuf
  3265 | D:3      | Noticed a human
  3266 | D:3      | Found a runed translucent door.
  3270 | D:3      | Found a basalt altar of Yredelemnul.
  3285 | D:3      | Reached XP level 5. HP: 24/42 MP: 5/5
  3698 | D:3      | You pick up a book of Displacement {forbidden} and begin
                  | reading...
  3698 | D:3      | You add the spells Lesser Beckoning, Gell's Gravitas and
                  | Teleport Other to your library.
  3769 | D:4      | Noticed Grinder
  4058 | D:3      | Reached skill level 4 in Fighting
  4058 | D:3      | Reached skill level 3 in Armour
  4058 | D:3      | Reached skill level 3 in Dodging
  4172 | D:3      | You add the spells Tukima's Dance, Passage of Golubria and
                  | Yara's Violent Unravelling to your library.
  4365 | D:4      | Noticed an ogre
  4367 | D:4      | Paralysed by Grinder for 3 turns
  4372 | D:4      | Killed an ogre
  4373 | D:4      | Reached XP level 6. HP: 49/49 MP: 6/6
  4380 | D:5      | Entered Level 5 of the Dungeon
  4515 | D:4      | Paralysed by Grinder for 5 turns
  4519 | D:4      | HP: 11/49 [Grinder (4)]
  4522 | D:4      | Killed Grinder
  4873 | D:4      | Found a staircase to the Ecumenical Temple.
  4876 | D:4      | y - +0 shadow dragon scales {rare}
  4887 | D:4      | You finish putting on your +0 shadow dragon scales {rare}.
  4949 | D:4      | Reached skill level 4 in Armour
  4949 | D:4      | Reached XP level 7. HP: 53/55 MP: 7/7
  5220 | D:2      | Killed Crazy Yiuf
  5221 | D:2      | Reached skill level 5 in Fighting
  5221 | D:2      | Reached skill level 4 in Dodging
  5776 | D:5      | Found a snail-covered altar of Cheibriados.
  6193 | D:6      | Reached skill level 5 in Armour
  6314 | D:6      | Gained mutation: You are surrounded by a moderate repulsion
                  | field. (EV +3) [demonic ancestry]
  6314 | D:6      | Reached XP level 8. HP: 51/64 MP: 8/8
  6488 | D:6      | Noticed Eustachio
  6508 | D:6      | Killed Eustachio
  6509 | D:6      | Reached skill level 6 in Fighting
  6555 | D:6      | Reached skill level 5 in Dodging
  6558 | D:6      | Reached skill level 6 in Armour
  6839 | D:6      | Found a hide-covered altar of Uskayaw.
  6840 | D:6      | Found a radiant altar of Vehumet.
  6845 | D:6      | Found a burning altar of Makhleb.
  7343 | D:7      | Found a flagged portal.
  7389 | Bailey   | Entered a bailey
  7403 | Bailey   | Reached *** piety under Trog
  7415 | Bailey   | Reached skill level 7 in Armour
  7584 | Bailey   | Gained mutation: You are partially covered in sharp spines.
                  | [demonic ancestry]
  7584 | Bailey   | Reached XP level 9. HP: 67/71 MP: 9/9
  8012 | Bailey   | Reached skill level 7 in Fighting
  8018 | Bailey   | Reached skill level 6 in Dodging
  8025 | Bailey   | HP: 16/72 [wolf (4)]
  8027 | Bailey   | your +0 shadow dragon scales {rare} melds into your body.
  8029 | Bailey   | HP: 5/108 [wolf (7)]
  8029 | Bailey   | Slain by a wolf

Vanquished Creatures
  Grinder (D:4)
  Eustachio (D:6)
  A water moccasin (D:6)
  A sky beast (D:7)
  A black bear (D:6)
  2 wolves (Bailey)
  4 ogres
  5 bullfrogs
  A scorpion (D:4)
  5 gnoll sergeants (Bailey)
  2 howler monkeys (D:7)
  A human zombie (D:3)
  4 hounds
  6 gnoll shamans
  Crazy Yiuf (D:2)
  An iguana (D:3)
  11 gnolls
  7 adders
  An ufetubus (D:6)
  2 worms
  2 dart slugs
  18 orcs
  2 ball pythons
  2 bats
  3 endoplasms (D:1)
  5 giant cockroaches
  4 goblins
  4 hobgoblins
  A quokka (D:1)
  5 frilled lizards
  A jackal zombie (D:3)
  3 kobolds (D:1)
  5 rats
113 creatures vanquished.

Table legend:
 A = Non-vault XP
 B = Vault XP
 C = Vault XP percentage of total XP
 D = Non-vault monster count
 E = Vault monster count
 F = Vault count percentage of total count
                 A         B        C        D         E       F
            +---------+---------+-------+---------+---------+-------
      Total |    1874 |    1707 |  47.7 |      81 |      32 |  28.3
            +---------+---------+-------+---------+---------+-------
        D:1 |      23 |       0 |   0.0 |      14 |       0 |   0.0
        D:2 |      94 |      37 |  28.2 |      21 |       1 |   4.5
        D:3 |     158 |      48 |  23.3 |      13 |       4 |  23.5
        D:4 |     229 |     262 |  53.4 |       4 |       1 |  20.0
        D:5 |     294 |       5 |   1.7 |       5 |       1 |  16.7
        D:6 |     686 |     191 |  21.8 |      12 |       1 |   7.7
        D:7 |     390 |      91 |  18.9 |      12 |       2 |  14.3
     Bailey |       0 |    1073 | 100.0 |       0 |      22 | 100.0
            +---------+---------+-------+---------+---------+-------

Illustrated notes

Table legend:
 A = Kills in this place as a percentage of kills in entire the game.
 B = Kills by you in this place as a percentage of kills by you in the entire game.
 C = Kills by friends in this place as a percentage of kills by friends in the entire game.
 D = Other kills in this place as a percentage of other kills in the entire game.
 E = Experience gained in this place as a percentage of experience gained in the entire game.
 F = Experience gained in this place divided by the number of levels of this place that you have seen.
                   A       B       C       D       E      F
               +-------+-------+-------+-------+-------+----------------------
         Total | 100.0 | 100.0 |   N/A |   N/A | 100.0 | 447.6
       Dungeon |  80.5 |  80.5 |   N/A |   N/A |  70.0 | 358.3
        Bailey |  19.5 |  19.5 |   N/A |   N/A |  30.0 | 1073.0
               +-------+-------+-------+-------+-------+----------------------

Table legend: (Time is in decaauts)
 A = Elapsed time spent in this place.
 B = Non-inter-level travel time spent in this place.
 C = Inter-level travel time spent in this place.
 D = Time resting spent in this place.
 E = Time spent auto-exploring this place.
 F = Levels seen in this place.
 G = Mean time per level.
                   A        B        C        D        E       F      G
               +--------+--------+--------+--------+--------+-----+--------+
         Total |   8127 |   7885 |    242 |   1828 |   5113 |   8 | 1015.9 |
       Dungeon |   7459 |   7217 |    242 |   1438 |   5046 |   7 | 1065.6 |
        Bailey |    667 |    667 |      0 |    390 |     67 |   1 |  667.0 |
               +--------+--------+--------+--------+--------+-----+--------+

Top non-repeatable levels by time:
     D:2: 1689 daAuts
     D:3: 1511 daAuts
     D:5: 1306 daAuts
     D:1: 1248 daAuts
     D:6: 918 daAuts
  Bailey: 667 daAuts
     D:4: 484 daAuts
     D:7: 299 daAuts
